 Dungeon Crawl Stone Soup version 0.30.1-4-g462c640d31 (webtiles) character file.

Game seed: 14493169798535747188

4174 Tirrikindir the Carver (level 10, -3/68 HPs)
             Began as an Octopode Fighter on Aug 10, 2023.
             Was an Initiate of Gozag.
             Slain by an orc warrior
             ... wielding a +0 short sword
              (8 damage)
             ... on level 9 of the Dungeon on Aug 16, 2023.
             The game lasted 00:16:55 (6216 turns).

Tirrikindir the Carver (Octopode Fighter)           Turns: 6216, Time: 00:16:55

Health: -3/68      AC:  3    Str: 17    XL:     10   Next: 28%
Magic:  10/10      EV: 15    Int: 16    God:    Gozag
Gold:   586        SH:  5    Dex: 15    Spells: 9/9 levels left

rFire   . . .        a - +1 long sword (drain)
rCold   . . .        b - +0 buckler
rNeg    . . .        (helmet restricted)
rPois   +            g - amulet of regeneration
rElec   .            B - ring "Tociakk" {Will+ Int+6}
rCorr   .            (no ring)
SInv    .            (no ring)
Will    +....        (no ring)
Stlth   +++++        (no ring)
HPRegen 1.11/turn    (no ring)
MPRegen 0.12/turn    (no ring)
                     (no ring)

%: no passive effects
@: gold aura
A: almost no armour, amphibious, 8 rings, camouflage 2, gelatinous body 1,
(nimble swimmer 1), tentacles, iridescent scales 1, poison resistance
a: Renounce Religion, Potion Petition, Call Merchant, Bribe Branch


You were on level 9 of the Dungeon.
You worshipped Gozag.
Gozag was pleased with you.
You visited 2 branches of the dungeon, and saw 10 of its levels.

You collected 679 gold pieces.
You paid 93 gold pieces to Gozag.

Inventory:

Hand Weapons
 a - a +1 long sword of draining (weapon)
Missiles
 o - 7 boomerangs (quivered)
Armour
 b - a +0 buckler (worn)
 x - a +0 tower shield
Jewellery
 c - an amulet of guardian spirit
 g - an amulet of regeneration (around mantle)
 B - the ring "Tociakk" (left tentacle) {Will+ Int+6}
   (You found it on level 8 of the Dungeon)

   [ring of intelligence]

   Int:       It affects your intelligence (+6).
   Will:      It increases your willpower.
Wands
 h - a wand of digging (5)
 m - a wand of charming (18)
 r - a wand of roots (7)
Scrolls
 d - 3 scrolls of enchant weapon
 i - 5 scrolls of blinking
 k - a scroll of teleportation
 n - a scroll of amnesia
 p - a scroll of magic mapping
 q - 2 scrolls of immolation
 s - a scroll of silence
 t - a scroll of summoning
 u - a scroll of poison {unknown}
 y - 2 scrolls of enchant armour {unknown}
 z - 3 scrolls of vulnerability {unknown}
 A - a scroll of fog {unknown}
Potions
 e - 7 potions of curing
 f - a potion of berserk rage
 j - 2 potions of cancellation
 l - 3 potions of heal wounds
 w - 2 potions of invisibility {unknown}


   Skills:
 * Level 6.0 Fighting
 * Level 10.5 Long Blades
 + Level 2.0 Throwing
 * Level 5.1 Dodging
 + Level 6.8 Stealth
 * Level 5.2 Shields
 + Level 3.9 Evocations


You had 9 spell levels left.
You didn't know any spells.
Your spell library contained the following spells:

 Spells                   Type           Power      Damage    Failure   Level
 Lesser Beckoning         Tloc           0%         N/A       43%         2
 Poisonous Vapours        Pois/Air       0%         N/A       43%         2
 Scorch                   Fire           0%         2d5       43%         2
 Gell's Gravitas          Tloc           0%         N/A       67%         3
 Mephitic Cloud           Conj/Pois/Air  0%         N/A       67%         3
 Ozocubu's Armour         Ice            0%         N/A       67%         3
 Teleport Other           Tloc           0%         N/A       67%         3
 Flame Wave               Conj/Fire      0%         2d4       97%         4
 Freezing Cloud           Conj/Ice/Air   0%         6-21      100%        5
 Summon Cactus Giant      Summ           0%         N/A       100%        6
 Ozocubu's Refrigeration  Ice            0%         4d7       100%        7


Dungeon Overview and Level Annotations

Branches:
Dungeon (9/15)             Temple (1/1) D:7             Orc (0/2) D:9
   Lair: D:8-11

Altars:
Ashenzari
Cheibriados
Dithmenos
Elyvilon
Fedhas
Gozag
Hepliaklqana
Kikubaaqudgha
Makhleb
Nemelex Xobeh
Okawaru
Qazlal
Ru
Sif Muna
Trog
Uskayaw
Vehumet
Wu Jian
Xom
Yredelemnul
Zin
The Shining One


Innate Abilities, Weirdness & Mutations

You cannot wear most types of armour.
You are amphibious.
You can wear up to eight rings at the same time.
Your skin blends seamlessly with your surroundings (Stealth++).
Your rubbery body absorbs attacks. (AC +1, EV +1)
((You are camouflaged when in or above water. (Stealth+)))
You have tentacles for arms and can constrict up to eight enemies at once.
You are partially covered in iridescent scales. (AC +2)
Your system is resistant to poisons. (rPois)


Message History

The orc shouts!
Things that are here:
5 gold pieces; a +0 dire flail; a +0 plate armour You hit the orc warrior.
You grab the orc warrior.
You squeeze the orc warrior, but do no damage.
The orc warrior is lightly wounded.
You constrict the orc warrior, but do no damage.
The orc priest calls upon Beogh to heal the orc warrior.
The orc warrior's wounds heal themselves!
The orc priest begins to cast a cantrip, but forgets the words!
Okay, then.
You barely miss the orc warrior.
You constrict the orc warrior, but do no damage.
The orc warrior closely misses you.
You hit the orc warrior.
The orc warrior is lightly wounded.
You constrict the orc warrior, but do no damage.
You block the orc warrior's attack. The orc warrior completely misses you.
You hit the orc warrior but do no damage.
You squeeze the orc warrior.
The orc warrior is lightly wounded.
You constrict the orc warrior. You block the orc warrior's attack.
The orc warrior hits you with a +0 short sword!
You hit the orc warrior. You drain the orc warrior.
You squeeze the orc warrior, but do no damage.
The orc warrior is heavily wounded.
You constrict the orc warrior. You block the orc warrior's attack.
The orc warrior hits you with a +0 short sword.
You hit the orc warrior.
The orc warrior is severely wounded.
You constrict the orc warrior.
The orc warrior hits you from afar with a +0 glaive!
* * * LOW HITPOINT WARNING * * *
The orc warrior misses you.
You feel better.
You constrict the orc warrior.
The orc warrior hits you from afar with a +0 glaive!
* * * LOW HITPOINT WARNING * * *
The orc warrior hits you with a +0 short sword!
You die...
Your body crumbles into a pile of gold.

...........#
#)#
...........#
#.#
..........:#
..
...........#
###
.......ooo.#
#..
......oooo.#
#.#
#######oo###
#)# ##o# #..
#@# ### #.#
##### #.##
##.... #..#
###..### ##.##
##...##
#..######..###
##........##
##########


You could see 2 orc warriors, 2 orc priests and 6 orcs.

Vanquished Creatures
  A two-headed ogre (D:8)
  Pikel (D:5)
  Joseph (D:8)
  A wyvern (D:8)
  A steam dragon (D:8)
  A water moccasin (D:6)
  2 orc warriors
  2 black bears
  2 ice beasts
  A centaur (D:7)
  A kobold brigand (D:9)
  3 bullfrogs
  3 scorpions
  A gnoll sergeant (D:8)
  8 wights
  A howler monkey (D:6)
  3 hounds
  A jelly (D:4)
  A gnoll bouda (D:8)
  A human zombie (D:8)
  Crazy Yiuf (D:3)
  2 orc priests (D:7)
  2 sleepcaps (D:5)
  4 iguanas
  Natasha (D:3)
  5 orc wizards
  4 adders
  10 gnolls (D:8)
  A shadow imp (D:7)
  2 white imps (D:6)
  2 ufetubi (D:6)
  A worm (D:2)
  4 dart slugs
  20 orcs
  10 endoplasms
  2 giant cockroaches
  5 goblins
  7 hobgoblins
  8 jackals (D:2)
  3 quokkas
  5 ball pythons
  4 bats
  3 frilled lizards
  12 kobolds
  4 rats
158 creatures vanquished.

Vanquished Creatures (others)
  A human (D:8)
1 creature vanquished.

Grand Total: 159 creatures vanquished

Notes
Turn   | Place    | Note
-------+----------+-------------------------------------------
     0 | D:1      | Tirrikindir the Octopode Fighter began the quest for the
                  | Orb.
     0 | D:1      | Reached XP level 1. HP: 16/16 MP: 1/1
   516 | D:1      | Reached XP level 2. HP: 21/21 MP: 2/2
   758 | D:1      | Reached skill level 1 in Stealth
   932 | D:2      | Reached XP level 3. HP: 26/26 MP: 3/3
  1395 | D:2      | Reached XP level 4. HP: 31/31 MP: 4/4
  1556 | D:3      | Reached skill level 3 in Long Blades
  1596 | D:3      | Found a hazy altar of Hepliaklqana.
  1722 | D:3      | Found a runed translucent door.
  1723 | D:3      | Noticed Crazy Yiuf
  1729 | D:3      | Killed Crazy Yiuf
  1808 | D:3      | Noticed Natasha
  1815 | D:3      | Killed Natasha
  1816 | D:3      | Reached XP level 5. HP: 23/36 MP: 5/5
  1821 | D:3      | Found an iron altar of Okawaru.
  1896 | D:3      | Found a faded altar of an unknown god.
  2265 | D:4      | Found a glowing silver altar of Zin.
  2344 | D:4      | Found a shimmering altar of Xom.
  2752 | D:4      | Noticed a black bear
  2759 | D:4      | Killed a black bear
  2760 | D:4      | Reached skill level 4 in Long Blades
  2760 | D:4      | Reached XP level 6. HP: 28/43 MP: 6/6
  2856 | D:4      | Reached skill level 1 in Evocations
  3011 | D:5      | Entered Level 5 of the Dungeon
  3092 | D:5      | Found a sacrificial altar of Ru.
  3132 | D:5      | Noticed Pikel
  3143 | D:5      | Killed Pikel
  3144 | D:5      | Reached skill level 5 in Long Blades
  3144 | D:5      | Reached XP level 7. HP: 19/49 MP: 7/7
  3172 | D:5      | Gained mutation: Your mind is acute. (Int +4, Str/Dex -1)
                  | [potion of mutation]
  3172 | D:5      | Gained mutation: Your system is resistant to poisons.
                  | (rPois) [potion of mutation]
  3173 | D:5      | Lost mutation: Your system is resistant to poisons. (rPois)
                  | [potion of mutation]
  3173 | D:5      | Lost mutation: Your mind is acute. (Int +4, Str/Dex -1)
                  | [potion of mutation]
  3173 | D:5      | Gained mutation: You are frail. (-10% HP) [potion of
                  | mutation]
  3173 | D:5      | Gained mutation: Your flesh is cold resistant. (rC+)
                  | [potion of mutation]
  3173 | D:5      | Gained mutation: Your body sometimes deteriorates upon
                  | taking damage. [potion of mutation]
  3406 | D:5      | Found a blossoming altar of Fedhas.
  3452 | D:5      | Reached XP level 8. HP: 48/48 MP: 8/8
  3656 | D:5      | Reached skill level 5 in Stealth
  3862 | D:6      | Reached skill level 5 in Fighting
  3872 | D:6      | Reached skill level 6 in Long Blades
  4057 | D:6      | Reached skill level 7 in Long Blades
  4138 | D:6      | Found an ornate altar of the Wu Jian Council.
  4241 | D:6      | Reached skill level 8 in Long Blades
  4461 | D:7      | Found a sparkling altar of Nemelex Xobeh.
  4469 | D:7      | Reached XP level 9. HP: 21/54 MP: 9/9
  4543 | D:7      | Found a burning altar of Makhleb.
  4673 | D:7      | Found a radiant altar of Vehumet.
  4692 | D:7      | Reached skill level 9 in Long Blades
  4738 | D:7      | Found a staircase to the Ecumenical Temple.
  4749 | Temple   | Entered the Ecumenical Temple
  4754 | Temple   | Became a worshipper of Gozag Ym Sagoz the Greedy
  5100 | D:7      | Lost mutation: Your flesh is cold resistant. (rC+) [potion
                  | of mutation]
  5100 | D:7      | Lost mutation: Your body sometimes deteriorates upon taking
                  | damage. [potion of mutation]
  5100 | D:7      | Lost mutation: You are frail. (-10% HP) [potion of
                  | mutation]
  5100 | D:7      | Gained mutation: Your system is resistant to poisons.
                  | (rPois) [potion of mutation]
  5100 | D:7      | Gained mutation: You are partially covered in iridescent
                  | scales. (AC +2) [potion of mutation]
  5100 | D:7      | Gained mutation: Your skin blends seamlessly with your
                  | surroundings (Stealth++). [potion of mutation]
  5382 | D:8      | Reached skill level 10 in Long Blades
  5386 | D:8      | Identified the ring "Tociakk" {Will+ Int+6}
  5710 | D:8      | Noticed Joseph
  5727 | D:8      | Killed Joseph
  5728 | D:8      | Reached skill level 1 in Throwing
  5743 | D:8      | Noticed a two-headed ogre
  5761 | D:8      | Killed a two-headed ogre
  5762 | D:8      | Reached skill level 5 in Shields
  5762 | D:8      | Reached XP level 10. HP: 44/68 MP: 10/10
  5847 | D:8      | Reached skill level 5 in Dodging
  5990 | D:8      | Found an ancient bone altar of Kikubaaqudgha.
  6138 | D:9      | Found a staircase to the Orcish Mines.
  6216 | D:9      | Slain by an orc warrior

Illustrated notes

Levels and vault maps discovered:
D:1:      dpeg_arrival_concentric_ovals, layout_basic, st_stairs_6,
          minmay_octomino_j4
D:2:      layout_basic
D:3:      layout_loops_ring, old_standard_altar,
          nicolae_hepliaklqana_hazy_memory,
          shapermc_ecumenical_altar_mp_urbaneastern, dk_noncrumbling_3,
          minmay_ruptured, uniq_crazy_yiuf_cottage, uniq_natasha
D:4:      layout_cave_pods, mainiacjoe_overflow_concentric_impassable,
          mainiacjoe_overflow_cross_hatched, minmay_three_crescents
D:5:      layout_basic, mainiacjoe_overflow_alcove_4, fedhas_ov_isle_minmay,
          minmay_misc_feat_enclosed, uniq_pikel
D:6:      layout_loops_ring, mainiacjoe_overflow_chevrons
D:7:      layout_loops_corners, kennysheep_little_box, nicolae_vehumet_radiance,
          mainiacjoe_overflow_brackets, minmay_temple_entry_junction
D:8:      layout_loops_ring, tgw_kikubaaqudgha, uniq_joseph
D:9:      minmay_the_grid_4x2 [minmay_the_grid_plusring,
          minmay_the_grid_minigrid_small_alt, minmay_the_grid_eight,
          minmay_the_grid_dragon_a, minmay_the_grid_x, minmay_the_grid_dragon_b,
          minmay_the_grid_garden, minmay_the_grid_prize_trominoes],
          layout_basic, orc_0_dummy
Temple:   minmay_freezing_vapour_temple

Skill      XL: |  1  2  3  4  5  6  7  8  9 10 |
---------------+-------------------------------+-----
Stealth        | 1 2 3 4 6 |  6.8
Long Blades    | 3 4 5 8 10 | 10.5
Evocations     | 2 3 |  3.9
Dodging        | 4 5 |  5.1
Fighting       | 4 5 6 |  6.0
Shields        | 4 5 |  5.2
Throwing       | 1 2 |  2.0

Action                     |  1- 3 |  4- 6 |  7- 9 | 10-12 || total
---------------------------+-------+-------+-------+-------++-------
  Melee: Long sword        |    64 |   110 |   141 |    45 ||   360
         Constrict         |    13 |    33 |    34 |    11 ||    91
         Tentacles         |    12 |    27 |    41 |    12 ||    92
         Punch             |     1 |     2 |     2 |     1 ||     6
  Throw: Boomerang         |       |     1 |     1 |       ||     2
  Evoke: Wand              |       |     1 |       |     1 ||     2
    Use: Scroll            |     7 |     4 |     4 |       ||    15
         Potion            |       |       |     6 |     1 ||     7
   Stab: Sleeping          |    11 |     8 |    16 |     2 ||    37
         Distracted        |       |       |       |     2 ||     2
 Armour: Skin              |     5 |     4 |     8 |       ||    17
  Dodge: Dodged            |    34 |    47 |    78 |    16 ||   175
  Block: Buckler           |    13 |    27 |    29 |    10 ||    79
